 Dungeon Crawl Stone Soup version 0.27-a0-789-g6bb3289e1e (webtiles) character file.

Game seed: 6050207422289701300

7 rageheart7 the Covered (level 2, 0/23 HPs)
             Began as a Gnoll Wanderer on Mar 26, 2021.
             Slain by a jackal (2 damage)
             ... on level 1 of the Dungeon.
             The game lasted 00:00:26 (39 turns).

rageheart7 the Covered (Gnoll Wanderer)               Turns: 39, Time: 00:00:27

Health: 0/23       AC:  9    Str: 15    XL:     2   Next: 0%
Magic:  1/5        EV:  9    Int:  8    God:
Gold:   0          SH:  0    Dex: 10    Spells: 5/6 levels left

rFire    . . .     SeeInvis .   a - +0 shortbow
rCold    . . .     Faith    .   (shield currently unavailable)
rNeg     . . .     Spirit   .   b - +2 scale mail
rPois    .         Reflect  .   (no helmet)
rElec    .         Harm     .   (no cloak)
rCorr    .         Rampage  .   (no gloves)
Will     .....                  (no boots)
Stlth    ..........             (no amulet)
HPRegen  0.07/turn              (no ring)
MPRegen  0.09/turn              (no ring)

@: very slightly contaminated
A: fangs 1, strong nose, distributed training
a: no special abilities


You were on level 1 of the Dungeon.
You visited 1 branch of the dungeon, and saw 1 of its levels.

Inventory:

Hand Weapons
 a - a +0 shortbow (weapon)
Missiles
 c - 12 arrows (quivered ammo)
Armour
 b - a +2 scale mail (worn)


   Skills:
 + Level 2.4 Fighting
 + Level 0.2 Short Blades
 + Level 0.2 Long Blades
 + Level 0.2 Axes
 + Level 0.2 Maces & Flails
 + Level 0.2 Polearms
 + Level 0.2 Staves
 + Level 0.2 Slings
 + Level 0.2 Bows
 + Level 4.4 Crossbows
 + Level 2.4 Throwing
 + Level 4.4 Armour
 + Level 0.2 Dodging
 + Level 0.2 Stealth
 + Level 2.4 Shields
 + Level 0.2 Unarmed Combat
 + Level 2.6 Spellcasting
 + Level 0.1 Conjurations
 + Level 0.1 Hexes
 + Level 0.1 Summonings
 + Level 3.6 Necromancy
 + Level 0.1 Translocations
 + Level 0.1 Transmutations
 + Level 0.1 Fire Magic
 + Level 0.1 Ice Magic
 + Level 0.1 Air Magic
 + Level 0.1 Earth Magic
 + Level 0.1 Poison Magic
 + Level 0.3 Invocations
 + Level 0.2 Evocations


You had 5 spell levels left.
You knew the following spells:

 Your Spells              Type           Power      Damage    Failure   Level
a - Freeze                Ice            4%         1d3       75%         1

Your spell library contained the following spells:

 Spells                   Type           Power      Damage    Failure   Level
 Ozocubu's Armour         Ice            1%         N/A       98%         3


Dungeon Overview and Level Annotations

Branches:
Dungeon (1/15)

Altars:


Innate Abilities, Weirdness & Mutations

You have very sharp teeth.
Your uncanny sense of smell can sniff out nearby items.
Your experience applies equally to all skills.


Message History

The giant cockroach bites you but does no damage.
The jackal bites you but does no damage.
The giant cockroach barely misses you. The kobold hits you but does no damage.
The jackal barely misses you.
The giant cockroach bites you but does no damage.
The jackal bites you but does no damage.
The giant cockroach bites you but does no damage.
The jackal closely misses you. The kobold closely misses you.
The giant cockroach bites you but does no damage.
The jackal bites you but does no damage.
The giant cockroach barely misses you. The jackal closely misses you.
The jackal bites you but does no damage.
The giant cockroach barely misses you. The kobold hits you but does no damage.
The giant cockroach barely misses you.
The jackal bites you but does no damage.
The jackal bites you but does no damage.
The giant cockroach bites you but does no damage.
The kobold closely misses you. The jackal bites you.
The giant cockroach bites you but does no damage.
The jackal bites you but does no damage.
The giant cockroach bites you but does no damage.
The jackal bites you but does no damage.
The kobold hits you but does no damage. The giant cockroach closely misses you.
The jackal closely misses you. The giant cockroach barely misses you.
The jackal barely misses you. The jackal closely misses you.
The giant cockroach bites you but does no damage.
The kobold barely misses you. The giant cockroach closely misses you.
The jackal bites you but does no damage. x2
The giant cockroach barely misses you. The jackal bites you.
The kobold hits you with a +0 short sword.
* * * LOW HITPOINT WARNING * * *
The giant cockroach barely misses you.
The jackal bites you but does no damage.
The giant cockroach bites you.
* * * LOW HITPOINT WARNING * * *
The jackal bites you.
You die...

###########
..........#
.......<..########
#######...##.....#
(.##...##.##..#
#+#.#......#...#
#.#...####..## #
#...###.BB#
##..###.KK@#
###..##..Khh#
.........#(#.#
..........(..((
#............(.
..........
..$.......
......(...?


You could see 2 jackals, 2 giant cockroaches and 3 kobolds.

Vanquished Creatures
  An endoplasm (D:1)
  A hobgoblin (D:1)
  2 jackals (D:1)
  A frilled lizard (D:1)
  A kobold (D:1)
6 creatures vanquished.

Notes
Turn   | Place    | Note
-------+----------+-------------------------------------------
     0 | D:1      | rageheart7 the Gnoll Wanderer began the quest for the Orb.
     0 | D:1      | rageheart7 set off with the following items: a +0 shortbow,
                  | a +2 scale mail, 23 arrows; and the following spell
                  | memorised: Freeze; and the following spells available to
                  | memorise: Ozocubu's Armour
     0 | D:1      | Reached XP level 1. HP: 17/17 MP: 4/4
    27 | D:1      | Reached XP level 2. HP: 16/23 MP: 5/5
    39 | D:1      | Slain by a jackal

Illustrated notes

Levels and vault maps discovered:
D:1:      minmay_arrival_stone_box, layout_rooms

Action                   || total
-------------------------++-------
Melee: Shortbow          ||     1
 Fire: Shortbow          ||    11
 Cast: Freeze            ||     1
Armor: Scale mail        ||    36
Dodge: Dodged            ||    34

Table legend: (Time is in decaauts)
 A = Elapsed time spent in this place.
 B = Non-inter-level travel time spent in this place.
 C = Inter-level travel time spent in this place.
 D = Time resting spent in this place.
 E = Time spent auto-exploring this place.
 F = Levels seen in this place.
 G = Mean time per level.
                   A        B        C        D        E       F      G
               +--------+--------+--------+--------+--------+-----+--------+
         Total |     42 |     42 |      0 |      0 |     14 |   1 |   42.0 |
       Dungeon |     42 |     42 |      0 |      0 |     14 |   1 |   42.0 |
               +--------+--------+--------+--------+--------+-----+--------+

Top non-repeatable levels by time:
     D:1: 42 daAuts
